[Event "Titled Tuesday Blitz April 19 Late 2022"]
[White "Lopez, Henry"]
[Black "Pesotskiy, Mikhail"]
[WhiteFideId "5203830"]
[BlackFideId "34164453"]
[WhiteElo "2177"]
[BlackElo "2010"]
[Result "1-0"]
[Round "05"]
[TimeControl "180+1"]
[Date "2022.04.19"]
[WhiteClock "0:00:04"]
[BlackClock "0:00:03"]

1. d4 Nf6 2. Nf3 e6 3. c4 Bb4+ 4. Nbd2 b6 5. a3 Bxd2+ 6. Qxd2 Bb7 7. Qc2 O-O 8. g3 a5 9. b3 d6 10. Bg2 Nbd7 11. O-O Qc8 12. Bb2 Be4 13. Qd1 Qb7 14. Bh3 Rfe8 15. Nd2 Bc6 16. a4 Nf8 17. f3 e5 18. e4 Ng6 19. d5 Bd7 20. Bg2 Re7 21. Re1 h5 22. Nf1 h4 23. Bc1 Nh7 24. Ne3 Qc8 25. Qd3 Ngf8 26. Nf5 Bxf5 27. exf5 Nd7 28. g4 Nc5 29. Qc2 Qf8 30. h3 Rae8 31. Bd2 f6 32. Re2 Ng5 33. Rae1 Kf7 34. Bc3 Kg8 35. Re3 Kf7 36. Bb2 Na6 37. Qe2 Nc5 38. Qf2 Qh8 39. R1e2 Kf8 40. Qe1 Kf7 41. f4 Nh7 42. g5 fxg5 43. fxe5 dxe5 44. Rxe5 Rxe5 45. Rxe5 Nf6 46. Re6 Qf8 47. Qe5 Nxe6 48. fxe6+ Kg8 49. Qxc7 Qc5+ 50. Qxc5 bxc5 51. Be5 Kf8 52. Bd6+ Kg8 53. Bxc5 Rb8 54. d6 Rxb3 55. d7 Rd3 56. Bd5 Kh7 57. d8=Q Rd1+ 58. Kf2 g4 59. hxg4 Nxg4+ 60. Kg2 Nf6 61. e7 Re1 62. Bf2 Re2 63. Bf3 Re5 64. Bxh4 Ng8 65. e8=Q Rxe8 66. Qxe8 Nf6 67. Be4+ Kh6 68. Qg6# 1-0


[Site "https://www.chess.com"]

[Event "Titled Tuesday Blitz April 19 Late 2022"]
[White "Maevsky, Nikolay"]
[Black "Jaskolka, Tomasz"]
[WhiteFideId "4198220"]
[BlackFideId "1170791"]
[WhiteElo "2126"]
[BlackElo "2073"]
[Result "1-0"]
[Round "05"]
[TimeControl "180+1"]
[Date "2022.04.19"]
[WhiteClock "0:00:10"]
[BlackClock "0:00:05"]

1. d4 Nf6 2. Nf3 e6 3. e3 b6 4. Bd3 Bb7 5. O-O d6 6. c4 Nbd7 7. b3 Be7 8. Bb2 O-O 9. Nc3 a6 10. Re1 e5 11. d5 g6 12. Bc2 Re8 13. e4 Nh5 14. g3 Bf8 15. b4 a5 16. a3 Bh6 17. Nb5 Ba6 18. Bd3 Qc8 19. Nc3 Bb7 20. Nh4 Qd8 21. Nf5 Bf8 22. Ne3 Qg5 23. Ng2 Bg7 24. Bc1 Qe7 25. Be3 Nf4 26. gxf4 exf4 27. Bd2 Ne5 28. Be2 g5 29. bxa5 Qf6 30. f3 Nxc4 31. Bxc4 Qd4+ 32. Kh1 Qxc4 33. Rc1 g4 34. Nxf4 gxf3 35. Qxf3 f5 36. Ne6 fxe4 37. Qg4 Re7 38. Bh6 Bxd5 39. Nxd5 Qxd5 40. Nxg7 e3+ 41. Kg1 Kh8 42. Rcd1 Qf7 43. Rf1 e2 44. Qxe2 Qg6+ 45. Qg2 Qxh6 46. Nf5 Qf6 47. Nxe7 Qxe7 48. Kh1 Rg8 49. Qb2+ Rg7 50. Qd4 c5 51. Qd5 h6 52. Rg1 Kh7 53. Rxg7+ Qxg7 54. Qe4+ Kh8 55. Rg1 Qc3 56. Qe8+ Kh7 57. Qg8# 1-0


[Site "https://www.chess.com"]

[Event "Titled Tuesday Blitz April 19 Late 2022"]
[White "Marin Masis, Jose Esteban"]
[Black "Melikhov, Evgeny V."]
[WhiteFideId "6508146"]
[BlackFideId "4122046"]
[WhiteElo "1710"]
[BlackElo "1931"]
[Result "1-0"]
[Round "05"]
[TimeControl "180+1"]
[Date "2022.04.19"]
[WhiteClock "0:00:17"]
[BlackClock "0:00:41"]

1. e4 c5 2. Nf3 d6 3. d4 cxd4 4. Nxd4 Nf6 5. c4 Nxe4 6. Bd3 Nf6 7. O-O e6 8. Re1 Be7 9. Nc3 Nc6 10. Nf3 O-O 11. Bg5 a6 12. a3 b6 13. Qc2 h6 14. Bh4 Bb7 15. Rad1 Qc7 16. Bg3 Nh5 17. Ne4 Nxg3 18. Nxg3 Bf6 19. Nh5 Be5 20. Nh4 Nd4 21. Qb1 Qc6 22. Be4 Qc7 23. f4 Bxe4 24. Qxe4 Qc5 25. Kh1 Nf5 26. fxe5 Nxh4 27. Qxh4 dxe5 28. Qg3 g6 29. Nf6+ Kg7 30. Nd7 Qxc4 31. Qxe5+ Kg8 32. Nf6+ Kg7 33. Nh5+ 1-0


[Site "https://www.chess.com"]

[Event "Titled Tuesday Blitz April 19 Late 2022"]
[White "Martic, Ivan"]
[Black "Kamsky, Gata"]
[WhiteFideId "929301"]
[BlackFideId "2000024"]
[WhiteElo "2317"]
[BlackElo "2645"]
[Result "0-1"]
[Round "05"]
[TimeControl "180+1"]
[Date "2022.04.19"]
[WhiteClock "0:00:05"]
[BlackClock "0:00:19"]

1. c4 e5 2. Nc3 Nc6 3. g3 Bc5 4. Bg2 d6 5. d3 a6 6. e3 h5 7. h4 Nf6 8. a3 Ba7 9. b4 Ng4 10. Nd5 Ne7 11. Qe2 Nxd5 12. cxd5 O-O 13. Nh3 f6 14. Bb2 Bd7 15. Rc1 Rc8 16. O-O Bf5 17. d4 Qd7 18. dxe5 dxe5 19. e4 Bg6 20. Kh1 Kh8 21. Ng1 c6 22. Bh3 f5 23. exf5 Bxf5 24. Bxg4 Bxg4 25. Qxe5 Qxd5+ 26. Qxd5 cxd5 27. f3 Bf5 28. Kg2 Bd3 29. Rfd1 Rxc1 30. Bxc1 Bc4 31. Re1 Kg8 32. Nh3 d4 33. Ng5 Bd5 34. Bb2 Rc8 35. Re7 Kf8 36. Rd7 Rc2+ 37. Kh3 Bc4 38. Rxb7 Bf1# 0-1


[Site "https://www.chess.com"]

[Event "Titled Tuesday Blitz April 19 Late 2022"]
[White "Martinez Reyes, Pedro Ramon"]
[Black "Korchmar, Vasiliy"]
[WhiteFideId "3901807"]
[BlackFideId "24131750"]
[WhiteElo "2410"]
[BlackElo "2370"]
[Result "0-1"]
[Round "05"]
[TimeControl "180+1"]
[Date "2022.04.19"]
[WhiteClock "0:00:10"]
[BlackClock "0:00:05"]

1. g4 g6 2. h4 d5 3. g5 h5 4. Bg2 Bg7 5. c4 c6 6. cxd5 cxd5 7. Nc3 e6 8. Qa4+ Nc6 9. Nf3 Ne7 10. d4 O-O 11. e3 Nf5 12. Qc2 Bd7 13. Qe2 Rc8 14. Bd2 a6 15. Kf1 b5 16. Kg1 b4 17. Nd1 Qb6 18. Rc1 Na5 19. b3 Bb5 20. Qe1 Rxc1 21. Bxc1 Rc8 22. Bd2 Rc2 23. Bxb4 Rxa2 24. Nc3 Rc2 25. Nxb5 Nxb3 26. Bf1 Rc1 27. Qe2 Qxb5 28. Qxb5 axb5 29. Kg2 Rc2 30. Ne1 Rc8 31. Bd3 Rb8 32. Nc2 Bf8 33. Rb1 Bxb4 34. Rxb3 Bd6 35. Rxb5 Nxh4+ 36. Kh3 Rxb5 37. Bxb5 Nf3 38. Bd3 Nxg5+ 39. Kg2 Nh7 40. f4 Nf6 41. Ne1 Ng4 42. Kf3 Nh2+ 43. Kg2 Ng4 44. Kf3 Kg7 45. Ng2 Bb4 46. Nh4 Bd2 47. Ng2 Bc1 48. Ke2 Nf6 49. Kf3 Ba3 50. Nh4 Be7 51. Ng2 Ne8 52. Bc2 Nd6 53. Bd3 Nc4 54. Ne1 Nd2+ 55. Ke2 Nc4 56. Ng2 h4 57. Ne1 h3 58. Bxc4 dxc4 59. Kf3 Bh4 60. Nc2 Kf6 61. e4 Ke7 62. Ne3 c3 63. d5 Kd6 64. dxe6 fxe6 65. f5 gxf5 66. exf5 exf5 67. Nxf5+ Kc5 68. Ne3 Kd4 69. Nc2+ Kd3 70. Nb4+ Kd2 71. Na2 c2 72. Kg4 h2 73. Nb4 h1=Q 74. Nd3 0-1


[Site "https://www.chess.com"]

[Event "Titled Tuesday Blitz April 19 Late 2022"]
[White "Migot, Tangi"]
[Black "Gledura, Benjamin"]
[WhiteFideId "662445"]
[BlackFideId "712779"]
[WhiteElo "2546"]
[BlackElo "2326"]
[Result "0-1"]
[Round "05"]
[TimeControl "180+1"]
[Date "2022.04.19"]
[WhiteClock "0:01:06"]
[BlackClock "0:02:15"]

1. e4 c5 2. Nf3 a6 3. g3 b6 4. Bg2 Bb7 5. Qe2 e6 6. O-O Nf6 7. e5 Nd5 8. d4 Nc6 9. c4 Nc7 10. Rd1 cxd4 11. Nxd4 Nxd4 12. Rxd4 Bxg2 13. Kxg2 Bc5 14. Rd3 Qc8 15. Nc3 Qb7+ 16. Qe4 Qxe4+ 17. Nxe4 Be7 18. Be3 b5 19. cxb5 axb5 20. a3 Nd5 21. Bc5 Bxc5 22. Nxc5 Ke7 23. Ne4 Rhc8 24. Rad1 Rc2 25. R1d2 Rxd2 26. Rxd2 b4 27. axb4 Rb8 28. Nc3 Nxb4 29. h4 f6 30. exf6+ gxf6 31. Kf3 Nc6 32. Ke3 d5 33. Kd3 Ne5+ 34. Kd4 Nf3+ 35. Ke3 Nxd2 36. Kxd2 Rxb2+ 0-1


[Site "https://www.chess.com"]

[Event "Titled Tuesday Blitz April 19 Late 2022"]
[White "Mikhalsky, Vladimir"]
[Black "Ricaurte Lopez, Juan Carlos"]
[WhiteFideId "14144352"]
[BlackFideId "3600327"]
[WhiteElo "2301"]
[BlackElo "2209"]
[Result "1-0"]
[Round "05"]
[TimeControl "180+1"]
[Date "2022.04.19"]
[WhiteClock "0:00:07"]
[BlackClock "0:00:01"]

1. c4 e5 2. Nc3 Nf6 3. g3 c6 4. d4 exd4 5. Qxd4 d5 6. Bg2 Be7 7. cxd5 O-O 8. e4 cxd5 9. exd5 Nc6 10. Qc4 Nb4 11. Qb3 Bf5 12. Rb1 Bxb1 13. Nxb1 Nbxd5 14. Ne2 Bb4+ 15. Nbc3 Bxc3+ 16. bxc3 Re8 17. Bf3 Qa5 18. O-O Ne4 19. c4 Nb6 20. Nf4 Rac8 21. Nd5 Nxc4 22. Qxb7 Ncd2 23. Ne7+ Kf8 24. Bxd2 Nxd2 25. Nxc8 Nxf3+ 26. Qxf3 Rxc8 27. Qb7 Qc7 28. Qb4+ Kg8 29. Re1 g6 30. Re7 Qc1+ 31. Kg2 a6 32. Qb7 Qc6+ 33. Qxc6 Rxc6 34. Ra7 h5 35. h4 Kg7 36. Kf3 Kf6 37. Kf4 Ke6 38. Kg5 Rc5+ 39. Kh6 Ra5 40. Kg7 Rxa2 41. Rxf7 a5 42. Rf6+ Ke7 43. Kxg6 a4 44. Kg5 a3 45. Rf3 Ra1 46. Kxh5 Ke6 47. Kg4 Ke5 48. h5 Ke4 49. Rb3 1-0


[Site "https://www.chess.com"]

[Event "Titled Tuesday Blitz April 19 Late 2022"]
[White "Miszler, Levente"]
[Black "Bongo Akanga Ndjila, Barthelemy"]
[WhiteFideId "763276"]
[BlackFideId "10609431"]
[WhiteElo "1966"]
[BlackElo "1768"]
[Result "1-0"]
[Round "05"]
[TimeControl "180+1"]
[Date "2022.04.19"]
[WhiteClock "0:02:10"]
[BlackClock "0:01:03"]

1. Nf3 Nf6 2. c4 g6 3. g3 Bg7 4. Bg2 d6 5. O-O O-O 6. Nc3 e5 7. d3 Nc6 8. Rb1 a5 9. a3 Rb8 10. b4 axb4 11. axb4 Nd4 12. Bb2 Nxf3+ 13. Bxf3 c6 14. b5 Bh3 15. Re1 d5 16. Qb3 d4 17. Ne4 Nxe4 18. Bxe4 c5 19. b6 f5 20. Bd5+ Kh8 21. Ba3 Qe7 22. Qb5 Rfc8 23. e3 dxe3 24. Rxe3 Bh6 25. Rxe5 Qxe5 26. Bb2 Qxb2 27. Rxb2 Bg7 28. Rb1 f4 29. Re1 fxg3 30. hxg3 Bf5 31. Bxb7 Rf8 32. Be4 Bd4 33. Bxf5 Rxf5 34. Re8+ Rxe8 35. Qxe8+ Kg7 36. b7 Rxf2 37. Qd7+ Kh6 38. Qxd4 cxd4 39. Kxf2 1-0


[Site "https://www.chess.com"]

[Event "Titled Tuesday Blitz April 19 Late 2022"]
[White "Musovic, Armin"]
[Black "Yedidia, Daniel"]
[WhiteFideId "939935"]
[BlackFideId "30905907"]
[WhiteElo "2255"]
[BlackElo "2616"]
[Result "0-1"]
[Round "05"]
[TimeControl "180+1"]
[Date "2022.04.19"]
[WhiteClock "0:01:58"]
[BlackClock "0:01:28"]

1. a3 e5 2. Nc3 d5 3. d4 e4 4. Bf4 c6 5. f3 f5 6. Qd2 Ne7 7. Nh3 Ng6 8. Bg5 Qb6 9. O-O-O h6 10. Be3 Bd6 11. Rg1 Qc7 12. f4 Be6 13. g3 Nd7 14. Bf2 b5 15. e3 a5 16. Be2 b4 17. Nb1 Nb6 18. Bh5 Bf7 19. g4 Nc4 20. Qe2 bxa3 21. bxa3 Qb6 22. c3 Qb3 23. Rd2 Rb8 24. Rb2 Nxb2 25. gxf5 Nd3+ 26. Qxd3 exd3 0-1


[Site "https://www.chess.com"]

[Event "Titled Tuesday Blitz April 19 Late 2022"]
[White "Nakamura, Hikaru"]
[Black "Kaasen, Tor Fredrik"]
[WhiteFideId "2016192"]
[BlackFideId "1516647"]
[WhiteElo "2850"]
[BlackElo "2335"]
[Result "1-0"]
[Round "05"]
[TimeControl "180+1"]
[Date "2022.04.19"]
[WhiteClock "0:01:53"]
[BlackClock "0:00:21"]

1. Nf3 Nf6 2. b3 g6 3. d4 Bg7 4. Bb2 O-O 5. e3 d6 6. Be2 e5 7. dxe5 dxe5 8. Qxd8 Rxd8 9. Nxe5 Ne4 10. Nd3 Bxb2 11. Nxb2 Nc6 12. a3 Bf5 13. Nd3 a5 14. g4 Be6 15. f3 Nf6 16. Nc3 Ne7 17. Nf4 Bd7 18. g5 Ne8 19. Kf2 Bc6 20. Rhd1 Nd6 21. e4 Kg7 22. h4 h6 23. Bd3 hxg5 24. hxg5 b5 25. Nce2 Bd7 26. Ng3 Nc6 27. Be2 Rh8 28. Nd5 Rh2+ 29. Ke3 Rc8 30. Rh1 Rxh1 31. Rxh1 Ne5 32. Nf6 Be6 33. f4 Nd7 34. Rh7+ Kf8 35. Rh8+ Ke7 36. Rxc8 Nxc8 37. f5 gxf5 38. exf5 Bxb3 39. cxb3 Nxf6 40. gxf6+ Kxf6 41. Bxb5 Nd6 42. Ne4+ Kxf5 43. Nxd6+ cxd6 44. Bc4 1-0


[Site "https://www.chess.com"]

[Event "Titled Tuesday Blitz April 19 Late 2022"]
[White "Naroditsky, Daniel"]
[Black "Aldokhin, Ivan"]
[WhiteFideId "2026961"]
[BlackFideId "24115720"]
[WhiteElo "2608"]
[BlackElo "2231"]
[Result "1-0"]
[Round "05"]
[TimeControl "180+1"]
[Date "2022.04.19"]
[WhiteClock "0:01:26"]
[BlackClock "0:00:03"]

1. e4 c5 2. Nf3 e6 3. b3 Nf6 4. e5 Nd5 5. Bb2 Nc6 6. Na3 d6 7. exd6 Bxd6 8. Bxg7 Rg8 9. Bb2 Bd7 10. g3 Qe7 11. Nc4 Bc7 12. Bd3 f6 13. a3 e5 14. Qe2 b5 15. Ne3 Nxe3 16. Qxe3 c4 17. bxc4 Bb6 18. Qe2 bxc4 19. Bxc4 O-O-O 20. Bxg8 Rxg8 21. d3 Bg4 22. h3 Bh5 23. g4 Bf7 24. Qe4 Kc7 25. Qxh7 Re8 26. O-O Qe6 27. Rfe1 Re7 28. Qe4 Qd6 29. c4 f5 30. gxf5 Bh5 31. Nxe5 Rg7+ 32. Kf1 Nd4 33. Bxd4 Bxd4 34. Rab1 Bxe5 35. Qxe5 Qxe5 36. Rxe5 Bf3 37. Re3 Bc6 38. f6 Rf7 39. Re7+ Rxe7 40. fxe7 1-0


[Site "https://www.chess.com"]

[Event "Titled Tuesday Blitz April 19 Late 2022"]
[White "Noboa Silva, Kevin"]
[Black "Foisor, Sabina-Francesca"]
[WhiteFideId "3618471"]
[BlackFideId "1212915"]
[WhiteElo "2172"]
[BlackElo "2243"]
[Result "1/2-1/2"]
[Round "05"]
[TimeControl "180+1"]
[Date "2022.04.19"]
[WhiteClock "0:00:13"]
[BlackClock "0:00:26"]

1. d4 d5 2. c4 e6 3. Nc3 a6 4. cxd5 exd5 5. Bf4 c6 6. e3 Nf6 7. Bd3 Bd6 8. Bg3 O-O 9. Qc2 Be6 10. Nf3 Re8 11. O-O-O b5 12. Bh4 Nbd7 13. Bxh7+ Kf8 14. Bf5 b4 15. Na4 Rc8 16. Bxe6 Rxe6 17. Ng5 Re7 18. Nh7+ Kg8 19. Nxf6+ Nxf6 20. Bxf6 gxf6 21. Kb1 Qa5 22. Rc1 Rb7 23. b3 c5 24. Qf5 Rbc7 25. Qxd5 Bf8 26. h4 Qb5 27. dxc5 Bxc5 28. Nxc5 Rxc5 29. Rxc5 Rxc5 30. Qe4 Qe2 31. Rc1 Rxc1+ 32. Kxc1 Qe1+ 33. Kb2 Qxf2+ 34. Qc2 Qxe3 35. Qc8+ Kh7 36. Qf5+ Kg7 37. Qg4+ Kh8 38. Qxb4 Qf2+ 39. Ka3 Qxg2 40. Qf8+ Kh7 41. Qxf7+ Qg7 42. Qxg7+ Kxg7 43. Kb4 Kg6 44. Kc3 Kh5 45. Kd3 Kxh4 46. Ke2 Kg3 47. Kf1 Kf3 48. b4 Ke4 49. Ke2 Kd4 50. a4 Kc4 51. b5 axb5 52. axb5 Kxb5 53. Ke3 Kc5 54. Ke4 Kd6 55. Kf5 Ke7 56. Kf4 Ke6 57. Ke4 f5+ 58. Kf4 Kf6 59. Kf3 Ke5 60. Ke3 f4+ 61. Kf3 Kf5 62. Kf2 Kg4 63. Kg2 f3+ 64. Kf2 Kf4 65. Kf1 Ke4 66. Kf2 Kf4 67. Kf1 Kg4 68. Kf2 Kf4 1/2-1/2


[Site "https://www.chess.com"]

[Event "Titled Tuesday Blitz April 19 Late 2022"]
[White "Novikova, Galina"]
[Black "Adewumi, Tanitoluwa"]
[WhiteFideId "4157095"]
[BlackFideId "30966396"]
[WhiteElo "1863"]
[BlackElo "2525"]
[Result "0-1"]
[Round "05"]
[TimeControl "180+1"]
[Date "2022.04.19"]
[WhiteClock "0:00:01"]
[BlackClock "0:00:01"]

1. e4 c5 2. Nf3 a6 3. b4 cxb4 4. a3 b3 5. cxb3 Nf6 6. e5 Nd5 7. d4 e6 8. Bd3 d6 9. O-O Nc6 10. b4 Qc7 11. Qe2 Bd7 12. Bd2 Qb6 13. Qe4 f5 14. exf6 Nxf6 15. Qh4 Be7 16. Nc3 O-O 17. Be3 Qd8 18. Ne4 Nxe4 19. Qxe4 Rf5 20. Qg4 Rf7 21. Qe4 Rf5 22. Qg4 Rf7 23. Qh5 g6 24. Qh6 Bf8 25. Qg5 Bg7 26. Qg3 Qe7 27. Bg5 Rxf3 28. gxf3 Qf8 29. Be3 e5 30. dxe5 Nxe5 31. Be4 Bc6 32. Kh1 Nxf3 33. Bxf3 Bxf3+ 34. Kg1 Be5 35. Qg5 Qc8 36. Rad1 Qh3 37. Bd4 Bxh2# 0-1


[Site "https://www.chess.com"]

[Event "Titled Tuesday Blitz April 19 Late 2022"]
[White "Omariev, Maksim"]
[Black "Leiva, Gianmarco"]
[WhiteFideId "4193423"]
[BlackFideId "3804399"]
[WhiteElo "2512"]
[BlackElo "2323"]
[Result "0-1"]
[Round "05"]
[TimeControl "180+1"]
[Date "2022.04.19"]
[WhiteClock "0:00:18"]
[BlackClock "0:01:21"]

1. g4 e5 2. Bg2 Bc5 3. c3 d6 4. d4 Bb6 5. dxe5 Qh4 6. e3 dxe5 7. h3 Qe7 8. Na3 h5 9. Nc4 hxg4 10. Nxb6 axb6 11. hxg4 Rxh1 12. Bxh1 Qh4 13. Bf3 Nf6 14. e4 Bxg4 15. Bxg4 Nxg4 16. Qe2 Nd7 17. Be3 Ndf6 18. O-O-O Nxe3 19. Qb5+ Kf8 20. fxe3 Qxe4 0-1


[Site "https://www.chess.com"]

[Event "Titled Tuesday Blitz April 19 Late 2022"]
[White "Oparin, Grigoriy"]
[Black "Kozak, Adam"]
[WhiteFideId "24125890"]
[BlackFideId "753246"]
[WhiteElo "2665"]
[BlackElo "2459"]
[Result "0-1"]
[Round "05"]
[TimeControl "180+1"]
[Date "2022.04.19"]
[WhiteClock "0:00:01"]
[BlackClock "0:00:19"]

1. Nf3 b6 2. g3 Bb7 3. d4 g6 4. c4 Bg7 5. Bg2 Nf6 6. O-O O-O 7. Re1 d6 8. Bg5 Nbd7 9. Qc2 Ne4 10. Be3 Rb8 11. d5 Nef6 12. Nc3 e5 13. Bd2 Kh8 14. b4 e4 15. Nxe4 Nxe4 16. Qxe4 b5 17. Qc2 bxc4 18. e4 Nb6 19. a4 f5 20. Ng5 fxe4 21. Ne6 Qf6 22. Nxf8 Rxf8 23. Be3 Nxd5 24. Bxa7 Nxb4 25. Qxc4 c5 26. Rf1 Bd5 27. Qe2 Qf7 28. Bb6 Bxa1 29. Rxa1 Nd3 30. Rf1 Ne5 31. Rd1 Bc4 32. Qb2 Qf6 33. Rd2 Bd3 34. a5 h5 35. h4 Kh7 36. Bc7 Rf7 37. Bb6 Nf3+ 38. Bxf3 Qxf3 39. Qa2 e3 40. fxe3 Be4 41. Rg2 Qf1+ 42. Kh2 Bxg2 43. Qxg2 Rf2 0-1


[Site "https://www.chess.com"]

[Event "Titled Tuesday Blitz April 19 Late 2022"]
[White "Paravyan, David"]
[Black "Lin, Dachey"]
[WhiteFideId "4194985"]
[BlackFideId "2029650"]
[WhiteElo "2569"]
[BlackElo "2313"]
[Result "0-1"]
[Round "05"]
[TimeControl "180+1"]
[Date "2022.04.19"]
[WhiteClock "0:00:04"]
[BlackClock "0:00:12"]

1. e4 g6 2. d4 Bg7 3. Nf3 c6 4. h3 d5 5. e5 c5 6. dxc5 Nc6 7. Bb5 e6 8. O-O Ne7 9. Re1 O-O 10. c3 Bd7 11. Bf1 Qc7 12. Bf4 a5 13. Na3 Nb8 14. Be3 Na6 15. Bxa6 bxa6 16. Qd2 Nf5 17. Bd4 Rfb8 18. b3 Bh6 19. Qd3 a4 20. b4 Qd8 21. Rab1 Bf4 22. g3 Bh6 23. Nh2 Bf8 24. Ng4 Be7 25. Kh2 h5 26. Nf6+ Kg7 27. Nxd7 Qxd7 28. Nc2 g5 29. Kg2 g4 30. Rh1 Qb5 31. Qxb5 axb5 32. a3 Rh8 33. Be3 Kg6 34. Nd4 Nxd4 35. cxd4 Kf5 36. f3 gxf3+ 37. Kxf3 Rhg8 38. Rbg1 Kg6 39. g4 h4 40. Ke2 Rac8 41. Kd3 Rg7 42. Rf1 Rh7 43. Rf3 Bd8 44. Rhf1 Rc7 45. Bd2 Rc6 46. Be1 Rc7 47. Ke2 Rc6 48. Bf2 Rc7 49. Be3 Rc6 50. Kd1 Rc7 51. Kc2 Rc6 52. Kc3 Rc7 53. Kd2 Rc6 54. R1f2 Rc7 55. Kd3 Rc6 56. Bd2 Rc7 57. Rf1 Rc6 58. Re3 Rc7 59. Re2 Rc6 60. Ref2 Rc7 61. Bf4 Rc6 62. Bh2 Rc7 63. Rf3 Rc6 64. Ke2 Rc7 65. Kf2 Rc6 66. Kg2 Bg5 67. Bg1 Bd8 68. Be3 Be7 69. Bd2 Bd8 70. Be1 Be7 71. Rf4 Bd8 72. R1f3 Bg5 73. Rf6+ Bxf6 74. Rxf6+ Kg7 75. Kf3 Rc8 76. g5 Kf8 77. Kg4 Ke7 78. Bxh4 Rch8 79. Rh6 Kd7 80. Kh5 Kc6 81. Bg3 Kd7 82. Bf4 Ke7 83. h4 Kd7 84. Rxh7 Rxh7+ 85. Kg4 Ke7 86. h5 Kd7 87. g6 fxg6 88. hxg6 Rh1 89. Kg5 Ke7 90. Be3 Rh3 91. Bf2 Rxa3 92. c6 Rc3 93. Kh6 Kf8 94. Kh7 Rh3+ 0-1


[Site "https://www.chess.com"]

[Event "Titled Tuesday Blitz April 19 Late 2022"]
[White "Perrine, Dalton"]
[Black "Leitao, Rafael"]
[WhiteFideId "2048434"]
[BlackFideId "2101246"]
[WhiteElo "2479"]
[BlackElo "2609"]
[Result "1-0"]
[Round "05"]
[TimeControl "180+1"]
[Date "2022.04.19"]
[WhiteClock "0:00:03"]
[BlackClock "0:00:15"]

1. Nf3 Nf6 2. g3 d5 3. Bg2 e6 4. O-O Be7 5. d4 O-O 6. c4 dxc4 7. Qc2 b5 8. a4 Bb7 9. axb5 a6 10. bxa6 Nxa6 11. Qxc4 Bd5 12. Qc3 Ne4 13. Qe3 c5 14. Nc3 cxd4 15. Nxd4 Nxc3 16. bxc3 Bxg2 17. Kxg2 Bf6 18. Ba3 Re8 19. Rfd1 Qc8 20. Qf3 Nc7 21. Bb2 Rb8 22. Ba3 Nd5 23. Rac1 Qc4 24. e4 Nc7 25. Bd6 Be7 26. Bxc7 Qxc7 27. c4 Bc5 28. Nb5 Qe5 29. Rd7 Rf8 30. Qd3 Ra8 31. Rc2 Qf6 32. Qf3 Qe5 33. Qd3 h5 34. f4 Qa1 35. Qf1 Qa4 36. Rdd2 Qb3 37. Qd3 Qb1 38. Rd1 Qb4 39. Qe2 Rad8 40. Rcd2 Ra8 41. Rd7 Qb3 42. R1d2 Ra1 43. Nd4 Qb1 44. Nf3 Qh1+ 45. Kh3 Rf1 46. Ng5 Qg1 47. Qxh5 1-0


[Site "https://www.chess.com"]

[Event "Titled Tuesday Blitz April 19 Late 2022"]
[White "Petrovic, Aleksa"]
[Black "Dilmukhametov, Artur"]
[WhiteFideId "967629"]
[BlackFideId "24179922"]
[WhiteElo "2198"]
[BlackElo "2244"]
[Result "0-1"]
[Round "05"]
[TimeControl "180+1"]
[Date "2022.04.19"]
[WhiteClock "0:00:01"]
[BlackClock "0:00:08"]

1. d4 c5 2. d5 f5 3. Nc3 Nf6 4. h4 g6 5. h5 Nxh5 6. Rxh5 gxh5 7. e4 d6 8. Qxh5+ Kd7 9. Qxf5+ Kc7 10. Nb5+ Kb6 11. a4 a5 12. Qf3 Bd7 13. Na3 Na6 14. Qc3 Rg8 15. e5 Bg7 16. Qb3+ Ka7 17. e6 Be8 18. Bd2 Qb6 19. Nb5+ Kb8 20. c3 Nc7 21. Nf3 Bxb5 22. axb5 a4 23. Rxa4 Rxa4 24. Qxa4 Nxd5 25. Bg5 Bf6 26. Bd2 Nc7 27. c4 Nxe6 28. Bd3 Qa7 29. Qd1 Bxb2 30. Kf1 Qa1 31. Qxa1 Bxa1 32. Bxh7 Rh8 33. Bf5 Nd4 34. Nxd4 Bxd4 35. g4 Rh2 36. Be1 Rh1+ 37. Ke2 Rg1 38. f4 Kc7 39. Bh4 Rh1 40. Bg5 Rh2+ 41. Kd3 e5 42. fxe5 Bxe5 43. Ke4 Rc2 44. Kd5 Rg2 45. Ke6 Re2 46. Kf7 Bg3 47. Bf6 Be5 48. Bxe5 dxe5 49. g5 e4 50. g6 e3 51. g7 Rg2 52. Bd3 Kd6 0-1


[Site "https://www.chess.com"]

[Event "Titled Tuesday Blitz April 19 Late 2022"]
[White "Petrovskyi, Vadym"]
[Black "Fonseca Manrique, Enrique"]
[WhiteFideId "14165210"]
[BlackFideId "5114330"]
[WhiteElo "2400"]
[BlackElo "2568"]
[Result "1-0"]
[Round "05"]
[TimeControl "180+1"]
[Date "2022.04.19"]
[WhiteClock "0:01:03"]
[BlackClock "0:00:34"]

1. e4 c5 2. Nf3 e6 3. d4 cxd4 4. Nxd4 Nc6 5. Nc3 Qc7 6. Be2 Nf6 7. O-O Be7 8. Be3 O-O 9. f4 d6 10. Qe1 a6 11. a4 Nxd4 12. Bxd4 e5 13. fxe5 dxe5 14. Rxf6 gxf6 15. Nd5 Qd6 16. Bc3 a5 17. Qh4 Kh8 18. Rf1 Rg8 19. Nxf6 Rg7 20. Qh6 Bh3 21. Qxh3 Bxf6 22. Qf5 Rag8 23. Qxf6 Qxf6 24. Rxf6 Rxg2+ 25. Kf1 Rxh2 26. Bxe5 1-0


[Site "https://www.chess.com"]

[Event "Titled Tuesday Blitz April 19 Late 2022"]
[White "Prohorov, Olexandr"]
[Black "Kaganskiy, Gleb"]
[WhiteFideId "14105578"]
[BlackFideId "4132025"]
[WhiteElo "1993"]
[BlackElo "2165"]
[Result "1-0"]
[Round "05"]
[TimeControl "180+1"]
[Date "2022.04.19"]
[WhiteClock "0:00:06"]
[BlackClock "0:00:13"]

1. e4 d6 2. d4 Nf6 3. Nc3 e5 4. Nf3 Nbd7 5. Bc4 Be7 6. g4 Nxg4 7. Rg1 Nb6 8. Bb3 Bh4 9. Nxh4 Qxh4 10. Qf3 O-O 11. dxe5 Nxe5 12. Qg3 Qxg3 13. Rxg3 Be6 14. Nb5 Rfc8 15. Bh6 g6 16. O-O-O a6 17. Nc3 Bxb3 18. axb3 Re8 19. Be3 Ned7 20. f3 a5 21. Bd4 a4 22. Bxb6 Nxb6 23. bxa4 Kg7 24. b3 Ra5 25. Nb5 Re7 26. Kb2 h5 27. h4 Ra8 28. f4 Rxe4 29. Nxc7 Rc8 30. Nb5 Re2 31. Nc3 Rf2 32. Rxd6 Rc6 33. Rgd3 Rxf4 34. Rxc6 bxc6 35. a5 Nc8 36. Rd8 Na7 37. a6 Rf5 38. Ra8 Nb5 39. Nxb5 Rxb5 40. Rc8 Ra5 41. Rxc6 g5 42. hxg5 h4 43. b4 Ra4 44. Kb3 Ra1 45. b5 Rb1+ 46. Kc4 h3 47. Rh6 Rc1 48. c3 Rg1 49. Rxh3 Rg4+ 50. Kb3 Rxg5 51. Kb4 Rg4+ 52. c4 Rg1 53. a7 Ra1 54. b6 Rb1+ 55. Kc5 Ra1 56. b7 Rxa7 57. b8=Q Ra5+ 58. Kb4 Rg5 59. Qd6 Rg6 60. Qe5+ f6 61. Qe7+ Kg8 62. Rh7 Rg4 63. Qf7# 1-0


[Site "https://www.chess.com"]

[Event "Titled Tuesday Blitz April 19 Late 2022"]
[White "Rasulov, Vugar"]
[Black "Koelle, Tobias"]
[WhiteFideId "13402390"]
[BlackFideId "16207378"]
[WhiteElo "2560"]
[BlackElo "2541"]
[Result "1-0"]
[Round "05"]
[TimeControl "180+1"]
[Date "2022.04.19"]
[WhiteClock "0:02:40"]
[BlackClock "0:02:04"]

1. d4 Nf6 2. c4 g6 3. Nc3 Bg7 4. e4 d6 5. f3 O-O 6. Be3 a6 7. Qd2 Nc6 8. Nge2 Rb8 9. h4 b5 10. h5 Nxh5 11. g4 Nf6 12. Bh6 e5 13. Bxg7 Kxg7 14. Qh6+ Kg8 15. Nd5 Re8 16. g5 Nxd5 17. cxd5 Ne7 18. Qxh7+ Kf8 19. Qh6+ 1-0


[Site "https://www.chess.com"]

[Event "Titled Tuesday Blitz April 19 Late 2022"]
[White "Riehle, Marco"]
[Black "Mitra, Roman C"]
[WhiteFideId "12904392"]
[BlackFideId "419540"]
[WhiteElo "2462"]
[BlackElo "2174"]
[Result "1-0"]
[Round "05"]
[TimeControl "180+1"]
[Date "2022.04.19"]
[WhiteClock "0:01:55"]
[BlackClock "0:01:55"]

1. e4 c5 2. a3 e6 3. b4 cxb4 4. axb4 Bxb4 5. Bb2 Nf6 6. e5 Nd5 7. c4 Nc7 8. Qg4 O-O 9. Nf3 Nc6 10. Bd3 Ne7 11. Bxh7+ Kxh7 12. Qh5+ Kg8 13. Ng5 Re8 14. Qxf7+ Kh8 15. Nc3 Bxc3 16. Bxc3 Nf5 17. Qg6 Qe7 18. Qh7# 1-0


[Site "https://www.chess.com"]